[ AOE2 MATCH · #506090325 ]
UnrankedMongols vs Aztecs
Player's team · WIN
Rival team · LOSS
[ REPLAY ANALYSIS · EXTRACTED FROM THE RECORDED GAME ]
Feudal
13:28
Castle
35:41
Imperial
—
| APM avg | 57.5 |
| APM peak | 90 |
| eAPM avg | 22.4 |
| Villagers / military | 69 / 35 |
Focus
⚔️ 28.6% · 🌾 71.4%
Scout Cavalry ×35
Feudal
10:02
Castle
23:24
Imperial
—
| APM avg | 43.2 |
| APM peak | 93 |
| eAPM avg | 23.6 |
| Villagers / military | 79 / 34 |
Focus
⚔️ 21.9% · 🌾 78.1%
Monk ×28 · Eagle Scout ×4 · Mangonel ×1 · Battering Ram ×1
Match map
Initial resources + every placement click. Lines = walls · curves = elevation contours. ◆ gold · ⬟ stone · ● berries · ✦ relic · ◌ wall gap
Your base· Open — unwalled flank
Mataku's base· Open — 6t gap
Smoothed initial terrain · ◌ = detected wall gap · hover for details
Inputs per minute
— Guthrie_Govan - - Mataku
Build order — Guthrie_Govan
First 150 of 242 actions detected
| 0:00 | Queue | Villager (Male) |
| 0:00 | Queue | Villager (Male) |
| 0:01 | Queue | Villager (Male) |
| 0:02 | Build | House |
| 0:03 | Build | House |
| 0:08 | Queue | Villager (Male) |
| 1:45 | Build | Lumber Camp |
| 1:47 | Queue | Villager (Male) |
| 1:47 | Queue | Villager (Male) |
| 2:05 | Queue | Villager (Male) |
| 2:05 | Queue | Villager (Male) |
| 2:42 | Queue | Villager (Male) |
| 2:46 | Queue | Villager (Male) |
| 2:59 | Queue | Villager (Male) |
| 3:34 | Build | House |
| 3:35 | Build | House |
| 3:36 | Queue | Villager (Male) |
| 4:08 | Queue | Villager (Male) |
| 4:08 | Queue | Villager (Male) |
| 4:32 | Queue | Villager (Male) |
| 4:35 | Queue | Villager (Male) |
| 4:38 | Queue | Villager (Male) |
| 5:05 | Queue | Villager (Male) |
| 5:06 | Queue | Villager (Male) |
| 5:36 | Build | Mill |
| 5:39 | Research | Loom |
| 5:39 | Research | Loom |
| 6:14 | Queue | Villager (Male) |
| 7:00 | Build | Town Center |
| 7:03 | Build | Palisade Wall |
| 7:06 | Build | Palisade Wall |
| 7:09 | Build | Palisade Wall |
| 7:13 | Build | Palisade Wall |
| 7:59 | Queue | Villager (Male) |
| 7:59 | Queue | Villager (Male) |
| 7:59 | Queue | Villager (Male) |
| 8:00 | Queue | Villager (Male) |
| 8:00 | Queue | Villager (Male) |
| 8:00 | Queue | Villager (Male) |
| 8:12 | Build | Mill |
| 9:23 | Queue | Villager (Male) |
| 10:35 | Build | House |
| 10:36 | Build | House |
| 11:11 | Research | Feudal Age |
| 11:12 | Research | Feudal Age |
| 11:46 | Build | Mining Camp |
| 12:51 | Build | Outpost |
| 13:28 | Age | Feudal Age |
| 13:36 | Build | Watch Tower |
| 13:44 | Queue | Villager (Male) |
| 14:13 | Queue | Villager (Male) |
| 14:27 | Queue | Villager (Male) |
| 15:03 | Build | Watch Tower |
| 15:04 | Queue | Villager (Male) |
| 15:10 | Build | Blacksmith |
| 15:18 | Queue | Villager (Male) |
| 15:23 | Build | Palisade Wall |
| 15:25 | Build | Palisade Wall |
| 15:41 | Queue | Villager (Male) |
| 15:57 | Research | Fletching |
| 15:57 | Research | Fletching |
| 15:58 | Queue | Villager (Male) |
| 16:01 | Build | Lumber Camp |
| 16:12 | Queue | Villager (Male) |
| 16:16 | Build | House |
| 16:22 | Build | Farm |
| 16:23 | Build | Farm |
| 16:25 | Build | Farm |
| 16:30 | Queue | Villager (Male) |
| 16:33 | Build | Farm |
| 16:34 | Build | Farm |
| 16:38 | Research | Town Watch |
| 16:57 | Build | Watch Tower |
| 17:00 | Build | House |
| 17:09 | Queue | Villager (Male) |
| 17:12 | Queue | Villager (Male) |
| 17:38 | Queue | Villager (Male) |
| 17:48 | Queue | Villager (Male) |
| 17:51 | Build | Farm |
| 18:08 | Build | Stone Wall |
| 18:12 | Build | Stone Wall |
| 18:15 | Build | Watch Tower |
| 18:18 | Build | House |
| 18:24 | Build | Palisade Wall |
| 18:27 | Queue | Villager (Male) |
| 18:39 | Queue | Villager (Male) |
| 18:48 | Build | Market |
| 18:53 | Build | Farm |
| 18:54 | Queue | Villager (Male) |
| 19:01 | Build | Watch Tower |
| 19:12 | Research | Stone Mining |
| 19:12 | Research | Stone Mining |
| 19:12 | Research | Double-Bit Axe |
| 19:12 | Research | Double-Bit Axe |
| 19:13 | Queue | Villager (Male) |
| 19:57 | Build | Watch Tower |
| 20:00 | Queue | Villager (Male) |
| 20:12 | Queue | Villager (Male) |
| 20:18 | Build | Farm |
| 20:26 | Queue | Villager (Male) |
| 20:52 | Build | Watch Tower |
| 20:54 | Queue | Villager (Male) |
| 21:05 | Queue | Villager (Male) |
| 21:25 | Build | Farm |
| 21:26 | Build | Farm |
| 21:41 | Build | Watch Tower |
| 21:47 | Queue | Villager (Male) |
| 22:18 | Queue | Villager (Male) |
| 22:25 | Build | Watch Tower |
| 22:29 | Queue | Villager (Male) |
| 22:43 | Queue | Villager (Male) |
| 23:26 | Build | Watch Tower |
| 23:37 | Queue | Villager (Male) |
| 23:57 | Build | Mining Camp |
| 23:58 | Queue | Villager (Male) |
| 24:18 | Build | Barracks |
| 24:22 | Queue | Villager (Male) |
| 24:27 | Build | Mill |
| 24:44 | Build | House |
| 24:46 | Build | Stable |
| 25:02 | Build | House |
| 25:04 | Build | House |
| 25:04 | Build | House |
| 25:14 | Research | Bloodlines |
| 25:14 | Research | Bloodlines |
| 25:31 | Queue | Villager (Male) |
| 25:54 | Queue | Scout Cavalry |
| 26:04 | Build | House |
| 26:13 | Research | Forging |
| 26:13 | Research | Forging |
| 26:13 | Queue | Villager (Male) |
| 26:28 | Build | Stable |
| 26:42 | Queue | Villager (Male) |
| 26:48 | Build | Outpost |
| 26:51 | Build | House |
| 26:55 | Research | Wheelbarrow |
| 26:58 | Build | Farm |
| 27:00 | Research | Horse Collar |
| 27:01 | Queue | Villager (Male) |
| 27:04 | Build | Farm |
| 27:07 | Queue | Scout Cavalry |
| 27:12 | Queue | Scout Cavalry |
| 27:24 | Build | Watch Tower |
| 27:32 | Build | House |
| 27:38 | Build | Farm |
| 27:42 | Build | Farm |
| 27:43 | Build | Farm |
| 27:45 | Build | Farm |
| 27:46 | Build | Farm |
| 28:01 | Queue | Scout Cavalry |
Build order — Mataku
First 150 of 207 actions detected
| 0:00 | Queue | Villager (Male) |
| 0:01 | Queue | Villager (Male) |
| 0:02 | Build | House |
| 0:03 | Build | House |
| 0:09 | Queue | Villager (Male) |
| 0:09 | Queue | Villager (Male) |
| 0:09 | Queue | Villager (Male) |
| 1:20 | Queue | Villager (Male) |
| 1:46 | Build | Lumber Camp |
| 2:02 | Queue | Villager (Male) |
| 2:09 | Queue | Villager (Male) |
| 2:42 | Build | House |
| 2:52 | Queue | Villager (Male) |
| 2:52 | Queue | Villager (Male) |
| 3:10 | Queue | Villager (Male) |
| 3:47 | Queue | Villager (Male) |
| 3:48 | Queue | Villager (Male) |
| 4:06 | Queue | Villager (Male) |
| 4:06 | Queue | Villager (Male) |
| 4:22 | Build | House |
| 4:30 | Queue | Villager (Male) |
| 4:51 | Queue | Villager (Male) |
| 5:06 | Build | Mill |
| 5:28 | Build | House |
| 5:32 | Queue | Villager (Male) |
| 5:46 | Queue | Villager (Male) |
| 5:46 | Research | Loom |
| 6:03 | Queue | Villager (Male) |
| 6:27 | Build | Palisade Wall |
| 6:36 | Queue | Villager (Male) |
| 6:37 | Queue | Villager (Male) |
| 6:37 | Research | Loom |
| 6:58 | Build | House |
| 7:04 | Build | Palisade Wall |
| 7:07 | Build | Palisade Wall |
| 7:52 | Research | Feudal Age |
| 8:04 | Build | Lumber Camp |
| 8:19 | Build | Palisade Wall |
| 8:59 | Build | Mining Camp |
| 9:09 | Build | Palisade Wall |
| 9:15 | Build | Palisade Wall |
| 9:36 | Build | Palisade Wall |
| 9:38 | Build | Palisade Wall |
| 9:41 | Build | Palisade Wall |
| 9:43 | Build | Palisade Wall |
| 9:46 | Build | Palisade Wall |
| 9:49 | Build | Palisade Wall |
| 10:02 | Age | Feudal Age |
| 10:08 | Build | Town Center |
| 10:38 | Build | Palisade Wall |
| 10:42 | Build | Palisade Wall |
| 10:56 | Build | Palisade Wall |
| 11:04 | Build | House |
| 11:07 | Build | Palisade Wall |
| 11:09 | Build | Palisade Wall |
| 11:23 | Build | House |
| 11:34 | Build | Palisade Wall |
| 11:39 | Build | Palisade Wall |
| 11:45 | Build | Barracks |
| 11:48 | Build | House |
| 12:18 | Queue | Villager (Male) |
| 12:19 | Queue | Villager (Male) |
| 12:33 | Build | Mining Camp |
| 12:43 | Research | Double-Bit Axe |
| 12:44 | Queue | Eagle Scout |
| 12:45 | Queue | Eagle Scout |
| 12:45 | Queue | Eagle Scout |
| 13:05 | Queue | Villager (Male) |
| 13:27 | Queue | Villager (Male) |
| 13:40 | Build | Watch Tower |
| 13:52 | Build | Palisade Wall |
| 13:53 | Build | Palisade Wall |
| 13:56 | Build | Palisade Wall |
| 13:57 | Build | Palisade Wall |
| 13:58 | Build | Palisade Wall |
| 14:00 | Build | Palisade Wall |
| 14:02 | Build | Palisade Wall |
| 14:20 | Queue | Villager (Male) |
| 14:20 | Queue | Villager (Male) |
| 14:36 | Build | Palisade Wall |
| 15:01 | Queue | Eagle Scout |
| 15:02 | Queue | Villager (Male) |
| 15:03 | Queue | Villager (Male) |
| 15:10 | Build | Mining Camp |
| 15:53 | Queue | Villager (Male) |
| 15:53 | Queue | Villager (Male) |
| 16:04 | Build | Market |
| 16:12 | Build | House |
| 16:34 | Build | Palisade Wall |
| 16:51 | Queue | Villager (Male) |
| 16:52 | Queue | Villager (Male) |
| 16:58 | Build | Palisade Gate |
| 17:43 | Queue | Villager (Male) |
| 17:46 | Build | House |
| 18:05 | Build | House |
| 18:08 | Build | Palisade Wall |
| 18:13 | Queue | Villager (Male) |
| 18:19 | Build | Lumber Camp |
| 18:35 | Build | Lumber Camp |
| 18:44 | Build | Palisade Wall |
| 19:26 | Queue | Villager (Male) |
| 19:26 | Queue | Villager (Male) |
| 20:00 | Build | Palisade Wall |
| 20:22 | Build | Blacksmith |
| 20:41 | Build | House |
| 20:44 | Research | Castle Age |
| 20:49 | Build | House |
| 21:25 | Build | Watch Tower |
| 21:27 | Build | Lumber Camp |
| 21:37 | Build | Lumber Camp |
| 23:24 | Age | Castle Age |
| 23:27 | Build | Town Center |
| 23:33 | Build | Monastery |
| 23:45 | Queue | Villager (Male) |
| 23:46 | Queue | Villager (Male) |
| 24:05 | Build | Mining Camp |
| 24:11 | Queue | Monk |
| 24:38 | Build | Market |
| 25:04 | Build | Mining Camp |
| 25:22 | Queue | Monk |
| 25:41 | Build | Farm |
| 25:42 | Build | Farm |
| 26:23 | Build | Farm |
| 26:25 | Queue | Monk |
| 26:36 | Build | Farm |
| 27:05 | Queue | Monk |
| 27:10 | Queue | Villager (Male) |
| 27:10 | Queue | Villager (Male) |
| 27:14 | Build | Farm |
| 27:18 | Build | Farm |
| 27:30 | Research | Sanctity |
| 27:32 | Queue | Villager (Male) |
| 27:33 | Queue | Villager (Male) |
| 28:08 | Build | Siege Workshop |
| 28:10 | Queue | Villager (Male) |
| 28:11 | Queue | Villager (Male) |
| 28:22 | Queue | Monk |
| 28:22 | Queue | Monk |
| 28:23 | Queue | Monk |
| 28:47 | Queue | Villager (Male) |
| 28:47 | Queue | Villager (Male) |
| 29:03 | Queue | Monk |
| 29:14 | Queue | Villager (Male) |
| 29:14 | Queue | Villager (Male) |
| 29:15 | Queue | Villager (Male) |
| 29:22 | Build | Town Center |
| 29:27 | Build | House |
| 29:28 | Build | Mining Camp |
| 29:42 | Queue | Villager (Male) |
| 30:07 | Build | Farm |
Match timeline
| 6:27 | Mataku · wall_segment Palisade Wall x14 |
| 7:03 | Guthrie_Govan · wall_segment Palisade Wall x1 |
| 7:04 | Mataku · wall_segment Palisade Wall x1 |
| 7:06 | Guthrie_Govan · wall_segment Palisade Wall x1 |
| 7:07 | Mataku · wall_segment Palisade Wall x3 |
| 7:09 | Guthrie_Govan · wall_segment Palisade Wall x1 |
| 7:13 | Guthrie_Govan · wall_segment Palisade Wall x1 |
| 8:19 | Mataku · wall_segment Palisade Wall x6 |
| 9:09 | Mataku · wall_segment Palisade Wall x1 |
| 9:15 | Mataku · wall_segment Palisade Wall x1 |
| 9:36 | Mataku · wall_segment Palisade Wall x1 |
| 9:38 | Mataku · wall_segment Palisade Wall x1 |
| 9:41 | Mataku · wall_segment Palisade Wall x1 |
| 9:43 | Mataku · wall_segment Palisade Wall x1 |
| 9:46 | Mataku · wall_segment Palisade Wall x1 |
| 9:49 | Mataku · wall_segment Palisade Wall x1 |
| 10:02 | Mataku · age_up feudal |
| 10:38 | Mataku · wall_segment Palisade Wall x1 |
| 10:42 | Mataku · wall_segment Palisade Wall x1 |
| 10:56 | Mataku · wall_segment Palisade Wall x1 |
| 11:07 | Mataku · wall_segment Palisade Wall x1 |
| 11:09 | Mataku · wall_segment Palisade Wall x1 |
| 11:34 | Mataku · wall_segment Palisade Wall x1 |
| 11:39 | Mataku · wall_segment Palisade Wall x1 |
| 11:45 | Mataku · first_building Barracks |
| 13:28 | Guthrie_Govan · age_up feudal |
| 13:52 | Mataku · wall_segment Palisade Wall x1 |
| 13:53 | Mataku · wall_segment Palisade Wall x1 |
| 13:56 | Mataku · wall_segment Palisade Wall x1 |
| 13:57 | Mataku · wall_segment Palisade Wall x1 |
| 13:58 | Mataku · wall_segment Palisade Wall x1 |
| 14:00 | Mataku · wall_segment Palisade Wall x1 |
| 14:02 | Mataku · wall_segment Palisade Wall x1 |
| 14:36 | Mataku · wall_segment Palisade Wall x1 |
| 15:23 | Guthrie_Govan · wall_segment Palisade Wall x1 |
| 15:25 | Guthrie_Govan · wall_segment Palisade Wall x1 |
| 16:34 | Mataku · wall_segment Palisade Wall x9 |
| 17:16 | Mataku · first_market_sell 100 wood |
| 17:18 | Mataku · first_market_buy 100 food |
| 18:08 | Guthrie_Govan · wall_segment Stone Wall x1 |
| 18:08 | Mataku · wall_segment Palisade Wall x4 |
| 18:12 | Guthrie_Govan · wall_segment Stone Wall x1 |
| 18:24 | Guthrie_Govan · wall_segment Palisade Wall x1 |
| 18:44 | Mataku · wall_segment Palisade Wall x4 |
| 20:00 | Mataku · wall_segment Palisade Wall x6 |
| 22:57 | Guthrie_Govan · first_market_sell 100 wood |
| 23:24 | Mataku · age_up castle |
| 23:33 | Mataku · first_building Monastery |
| 24:18 | Guthrie_Govan · first_building Barracks |
| 24:46 | Guthrie_Govan · first_building Stable |
| 28:08 | Mataku · first_building Siege Workshop |
| 28:47 | Guthrie_Govan · first_market_buy 100 food |
| 35:41 | Guthrie_Govan · age_up castle |
| 38:09 | Mataku · resign |
[ AI ANALYSIS · 1 CREDIT ]
What really happened in this match?
Wolo.gg analyzes every decision: build order, eco, micro, common mistakes by bracket. Personalized analysis on WhatsApp or Discord in 30 seconds.
Civ guide
Mongols
Perfil
Jugador #4224302